 Dungeon Crawl Stone Soup version 0.31.0-11-ge490571c62 (webtiles) character file.

Game seed: 9115527548868457227

1117 Daunt the Caller (level 8, -23/49 HPs)
             Began as a Gargoyle Summoner on Jan 28, 2024.
             Annihilated by an ogre
             ... wielding a +0 giant spiked club
              (26 damage)
             ... on level 5 of the Dungeon.
             The game lasted 00:18:13 (3222 turns).

Daunt the Caller (Gargoyle Summoner)                Turns: 3222, Time: 00:18:13

Health: -23/49     AC:  9    Str: 19    XL:     8   Next: 34%
Magic:  7/14       EV: 11    Int: 23    God:
Gold:   185        SH:  0    Dex: 10    Spells: 5/15 levels left

rFire   . . .        z - +2 trident (freeze)
rCold   . . .        (no shield)
rNeg    + . .        a - +0 robe
rPois   ∞            B - +0 helmet
rElec   +            (no cloak)
rCorr   .            o - +0 pair of gloves
SInv    .            (no boots)
Will    .....        (no amulet)
Stlth   ++           p - +6 ring of strength
HPRegen 0.28/turn    q - +6 ring of intelligence
MPRegen 0.14/turn

%: no passive effects
@: inugami summoned
A: sickness immunity, AC +5, negative energy resistance 1, electricity
resistance, torment resistance 1, petrification resistance
a: no special abilities


You were on level 5 of the Dungeon.
You visited 1 branch of the dungeon, and saw 5 of its levels.

You collected 185 gold pieces.

Inventory:

Hand Weapons
 z - a +2 trident of freezing (weapon)
Missiles
 c - 37 stones
 i - 6 poisoned darts
 u - 4 javelins
 v - 2 curare-tipped darts
Armour
 a - a +0 robe (worn)
 o - a +0 pair of gloves (worn)
 s - the +1 Delatra's gloves {ID++}
   (You found it on level 2 of the Dungeon)

   ID++:      It heals its wearer when they drink unknown potions, and restores
   their MP when they read unknown scrolls.
 B - a +0 helmet (worn)
Magical Staves
 n - a staff of earth
Jewellery
 p - a +6 ring of strength (left hand)
 q - a +6 ring of intelligence (right hand)
 C - a ring of protection from cold
Wands
 r - a wand of digging (7)
Scrolls
 d - a scroll of amnesia {unknown}
 e - 3 scrolls of blinking {unknown}
 f - a scroll of noise {unknown}
 j - 2 scrolls of acquirement {unknown}
 k - 4 scrolls of identify {unknown}
 l - 2 scrolls of teleportation {unknown}
 y - a scroll of enchant weapon {unknown}
Potions
 b - a potion of magic
 g - 2 potions of lignification {unknown}
 h - a potion of might {unknown}
 m - a potion of heal wounds {unknown}
 t - a potion of invisibility {unknown}
 w - 2 potions of curing {unknown}
 x - a potion of cancellation {unknown}
 A - a potion of ambrosia {unknown}
 D - a potion of mutation {unknown}


   Skills:
 - Level 5.0 Fighting
 - Level 1.5 Dodging
 - Level 2.1 Stealth
 + Level 4.3 Spellcasting
 + Level 6.6 Summonings
 + Level 3.5 Fire Magic


You had 5 spell levels left.
You knew the following spells:

 Your Spells              Type           Power      Damage    Failure   Level
a - Summon Small Mammal   Summ           100%       N/A       1%          1
c - Call Canine Familiar  Summ           35%        N/A       1%          3
i - Call Imp              Summ           70%        N/A       1%          2
u - Summon Blazeheart Go  Fire/Summ      28%        N/A       13%         4

Your spell library contained the following spells:

 Spells                   Type           Power      Damage    Failure   Level
 Summon Lightning Spire   Summ/Air       20%        N/A       26%         4


Dungeon Overview and Level Annotations

Branches:
Dungeon (5/15)
 Temple: D:4-7

Altars:
Makhleb
Yredelemnul

Annotations:
D:3 Grinder
D:4 2 transporters, Daunt's ghost, weakling HuDe
D:5 1 runed translucent door


Innate Abilities, Weirdness & Mutations

You are immune to sickness and miasma.
Your stone body is resilient. (AC +5)
You are immune to poison.
You resist negative energy. (rN+)
You are resistant to electric shocks. (rElec)
You are resistant to unholy torment.
You are immune to petrification.


Message History

There is a stone staircase leading down here.
You climb downwards.
You sense Yredelemnul urging you to kill the trapped human.
Found three items.
Found a basalt altar of Yredelemnul.
Found a runed translucent door.
There is a stone staircase leading up here.
There are monsters nearby!
Casting: Summon Small Mammal (safe; 1% risk of failure)
Confirm with . or Enter, or press ? or * to list all spells.
You call for your canine familiar and it appears with a howl!
The ogre shouts!
Unknown command.
Unknown command.
Casting: Call Canine Familiar (safe; 1% risk of failure)
Confirm with . or Enter, or press ? or * to list all spells.
A tiny devil pulls itself out of the air.
Your cerulean imp says, "You called?"
The ogre hits you with a +0 giant spiked club!
Unknown command.
Unknown command.
Casting: Call Imp (safe; 1% risk of failure)
Confirm with . or Enter, or press ? or * to list all spells.
Your inugami completely misses the kobold zombie.
Your cerulean imp hits the ogre with a -1 spear.
Unknown command.
Unknown command.
Casting: Summon Small Mammal (safe; 1% risk of failure)
Confirm with . or Enter, or press ? or * to list all spells.
The ogre hits you with a +0 giant spiked club!!
Ouch! That really hurt!
* * * LOW HITPOINT WARNING * * *
Your cerulean imp hits the ogre with a -1 spear.
Your rat bites the ogre.
Unknown command.
Your rat barely misses the ogre.
Your cerulean imp hits the ogre with a -1 spear.
Your inugami hits the kobold zombie.
The ogre hits you with a +0 giant spiked club!!
Ouch! That really hurt!
You die...

..# #.#
#.# ###.##
#....#
#....#
.?.##.5O.#
......r@[#
###..hZr.#
#p#......#
#+#......#
......####
####.8
...### ._


You could see an ogre (ally target), a kobold zombie (ally target), a neutral
human (wandering), a friendly cerulean imp (summoned), a friendly inugami
(summoned) and 2 friendly rats.

Vanquished Creatures
  Pikel (D:4)
  The ghost of TheBioAlchemist the Gusty, an amateur TeAE (D:3)
  A bombardier beetle (D:4)
  2 hounds (D:4)
  An orc priest (D:3)
  An iguana (D:4)
  Jessica (D:2)
  2 orc wizards
  3 adders
  4 orcs
  5 ball pythons
  2 bats (D:2)
  3 endoplasms
  2 giant cockroaches
  7 goblins
  4 hobgoblins
  3 jackals (D:1)
  2 quokkas (D:4)
  A kobold (D:3)
  A rat (D:1)
47 creatures vanquished.

Vanquished Creatures (collateral kills)
  An ice beast (D:4)
  2 orc priests (D:3)
  Terence (D:3)
  Robin (D:3)
  5 adders
  A ribbon worm (D:2)
  10 orcs
  5 endoplasms
  2 giant cockroaches (D:3)
  7 goblins
  5 hobgoblins
  A jackal (D:1)
  A kobold (D:1)
  A quokka (D:2)
  3 ball pythons
  2 bats
  3 frilled lizards
  3 rats
54 creatures vanquished.

Grand Total: 101 creatures vanquished

Notes
Turn   | Place    | Note
-------+----------+-------------------------------------------
     0 | D:1      | Daunt the Gargoyle Summoner began the quest for the Orb.
     0 | D:1      | Reached XP level 1. HP: 10/10 MP: 3/3
   186 | D:1      | Reached skill level 4 in Summonings
   186 | D:1      | Reached XP level 2. HP: 13/15 MP: 5/5
   502 | D:1      | Learned a level 2 spell: Call Imp
   758 | D:2      | Reached XP level 3. HP: 5/19 MP: 1/6
   923 | D:2      | Noticed Jessica
   935 | D:2      | Learned a level 3 spell: Call Canine Familiar
   964 | D:2      | Killed Jessica
   965 | D:2      | Reached skill level 5 in Summonings
   965 | D:2      | Reached XP level 4. HP: 9/24 MP: 2/7
  1402 | D:2      | Reached XP level 5. HP: 27/28 MP: 2/8
  1427 | D:2      | Found the +1 Delatra's gloves {ID++}
  1517 | D:3      | Noticed Robin
  1533 | D:3      | Killed Robin
  1696 | D:3      | Reached skill level 6 in Summonings
  1822 | D:3      | Reached XP level 6. HP: 32/32 MP: 6/9
  1899 | D:3      | Noticed Grinder
  1931 | D:3      | Found a runed translucent door.
  1931 | D:3      | Noticed TheBioAlchemist's ghost (amateur TeAE)
  1953 | D:3      | Killed TheBioAlchemist's ghost
  1954 | D:3      | Reached skill level 1 in Fighting
  2044 | D:3      | Noticed Terence
  2056 | D:3      | Killed Terence
  2344 | D:4      | Found a burning altar of Makhleb.
  2368 | D:4      | Reached XP level 7. HP: 19/40 MP: 6/11
  2403 | D:4      | Found a transporter.
  2413 | D:4      | Noticed Daunt's ghost (weakling HuDe)
  2573 | D:4      | Noticed Pikel
  2616 | D:4      | Killed Pikel
  2617 | D:4      | Reached skill level 5 in Fighting
  2617 | D:4      | Reached XP level 8. HP: 49/49 MP: 0/14
  2622 | D:4      | Learned a level 4 spell: Summon Blazeheart Golem
  3116 | D:4      | Found a transporter.
  3217 | D:5      | Entered Level 5 of the Dungeon
  3217 | D:5      | Found a runed translucent door.
  3217 | D:5      | Found a basalt altar of Yredelemnul.
  3222 | D:5      | Annihilated by an ogre

Illustrated notes

Levels and vault maps discovered:
D:1:      minmay_arrival_three_doors, layout_basic
D:2:      layout_basic, pf_guarded_unrand_delatra, uniq_jessica
D:3:      layout_basic, gammafunk_ghost_grave, saegor_snake_ambush,
          uniq_grinder, uniq_terence, uniq_robin
D:4:      layout_basic, kennysheep_mini, gammafunk_ghost_mausoleum, uniq_pikel
D:5:      layout_basic, dk_yredelemnul_ordeal, nicolae_dithmenos_the_darkroom,
          nicolae_overflow_two_pavilions, uniq_blork_the_orc, uniq_edmund

Skill      XL: |  1  2  3  4  5  6  7 |
---------------+----------------------+-----
Summonings     | 4 5 6 |  6.6
Fighting       | 2 5 |  5.0
Spellcasting   | 3 4 |  4.3
Fire Magic     | 3 |  3.5
Dodging        | |  1.5
Stealth        | |  2.1

Action                     |  1- 3 |  4- 6 |  7- 9 || total
---------------------------+-------+-------+-------++-------
  Melee: Unarmed           |    10 |       |       ||    10
         Club              |    57 |    69 |       ||   126
         Punch             |     1 |     2 |       ||     3
         Trident           |       |    45 |    32 ||    77
   Cast: Summon Small Mamm |    19 |     7 |     7 ||    33
         Call Imp          |     3 |    10 |     3 ||    16
         Call Canine Famil |     1 |    10 |     6 ||    17
   Stab: Sleeping          |     2 |     2 |     1 ||     5
         Distracted        |       |     1 |     1 ||     2
 Armour: Robe              |    59 |    94 |    18 ||   171
  Dodge: Dodged            |    54 |    83 |    24 ||   161
